 Dungeon Crawl Stone Soup version 0.19-a0-675-gf8984cf (webtiles) character file.

1117 st0uf the Chopper (level 8, -11/62 HPs)
             Began as a Formicid Fighter on June 16, 2016.
             Was a Follower of Uskayaw.
             Mangled by an ogre
             ... wielding a +0 giant club
              (23 damage)
             ... on level 5 of the Dungeon.
             The game lasted 00:19:49 (5406 turns).

st0uf the Chopper (Formicid Fighter)                Turns: 5406, Time: 00:19:50

Health: -11/62     AC:  8    Str: 20    XL:     8   Next: 60%
Magic:  4/8        EV: 11    Int:  9    God:    Uskayaw [*.....]
Gold:   251        SH:  5    Dex: 12    Spells: 0 memorised, 7 levels left

rFire  . . .     SeeInvis +     a - +0 war axe
rCold  . . .     Gourm    +     b - +0 scale mail
rNeg   . . .     Faith    .     q - +0 buckler
rPois  .         Spirit   .     (helmet unavailable)
rElec  .         Dismiss  .     h - +0 cloak
rCorr  .         Reflect  .     (no gloves)
SustAt .         Harm     .     (no boots)
MR     .....                    I - amulet of the gourmand (curse)
Stlth  ..........               (no ring)
                                C - ring of teleportation (curse)

@: not resistant to hostile enchantments, extremely unstealthy
A: permanent stasis, dig shafts and tunnels, four strong arms, antennae 3
a: Dig, Shaft Self, Stomp, Renounce Religion


You were on level 5 of the Dungeon.
You worshipped Uskayaw.
Uskayaw was aware of your devotion.
You were completely stuffed.

You visited 2 branches of the dungeon, and saw 7 of its levels.
You also visited: Sewer.

You collected 251 gold pieces.

Inventory:

Hand Weapons
 a - a +0 war axe (weapon)
Missiles
 e - 39 sling bullets
 l - 147 stones (quivered)
Armour
 b - a +0 scale mail (worn)
 c - a +0 shield
 h - a +0 cloak (worn)
 q - a +0 buckler (worn)
Jewellery
 C - a cursed ring of teleportation (left hand)
 I - a cursed amulet of the gourmand (around neck)
Scrolls
 k - 6 scrolls of recharging
 m - 6 scrolls of identify {unknown}
 n - 3 scrolls of fog {unknown}
 p - 2 scrolls of blinking {unknown}
 v - 3 scrolls of fear {unknown}
 y - 2 scrolls of enchant weapon {unknown}
 A - a scroll of remove curse {unknown}
 E - 3 scrolls of random uselessness {unknown}
 H - a scroll of enchant armour {unknown}
Potions
 d - 2 potions of might
 i - a potion of heal wounds
 o - a potion of invisibility
 s - a potion of brilliance {unknown}
 t - a potion of cancellation {unknown}
 w - a potion of ambrosia {unknown}
 x - a potion of agility
 z - a potion of resistance {unknown}
 B - a potion of curing {unknown}
 D - a potion of berserk rage {unknown}
 F - a potion of haste {unknown}
 G - 2 potions of lignification {unknown}
Comestibles
 f - 4 bread rations
 g - 2 meat rations
 j - a royal jelly
 r - 3 slices of pizza
 u - 3 fruits


   Skills:
 + Level 5.2 Fighting
 * Level 6.3 Axes
 + Level 5.5 Armour
 + Level 3.3 Dodging
 + Level 5.0 Shields


You had 7 spell levels left.
You didn't know any spells.

Dungeon Overview and Level Annotations

Branches:
Dungeon (6/15)             Temple (1/1) D:4

Altars:
Ashenzari
Dithmenos
Elyvilon
Fedhas
Gozag
Hepliaklqana
Kikubaaqudgha
Makhleb
Nemelex Xobeh
Okawaru
Pakellas
Qazlal
Ru
Sif Muna
Uskayaw
Vehumet
Xom
Zin
The Shining One

Annotations:
D:6 tstbtto's ghost, novice CeBe


Innate Abilities, Weirdness & Mutations

You are under a permanent stasis effect.
You can dig through walls and to a lower floor.
Your four strong arms can wield two-handed weapons with a shield.
You have a pair of large antennae on your head. (SInv)


Message History

* * * LOW HITPOINT WARNING * * *
Tstbtto's ghost hits you.
* * * LOW HITPOINT WARNING * * *
You climb upwards.
There is a stone staircase leading down, spattered with blood here.
You slash the ogre!
The ogre is severely wounded.
You block the ogre's attack.
You can now pass through a line of other dancers.
Aiming: Line Pass
Press: ? - help, Dir - move target cursor The ogre appears confused.
You feel somewhat less full.
You can no longer pass through a line of other dancers.
Your scale mail prevents you from hitting the ogre.
The ogre is severely wounded.
The ogre seems less confused.
The ogre closely misses you.
Your scale mail prevents you from hitting the ogre.
The ogre is severely wounded.
The ogre hits you with a giant club!!
You die...

######### #..รท>O@.#
##########.#####.#
#..........# #.#
#.#######..#####.# ########
#.# #.........##.## #......#
#.# #.###..##.#...## #.####.#
#.###.###.)##......###.####.#
#...........)............##.#
#####.#######.##.#####.#.##.#


You could see an ogre.

Vanquished Creatures
  Sigmund (D:2)
  Menkaure (D:4)
  An ogre (D:4)
  A howler monkey (D:5)
  A crimson imp (D:5)
  A jelly (D:5)
  4 orc priests
  A hound (D:5)
  A centaur skeleton (D:5)
  Ijyb (D:2)
  4 orc wizards
  5 worker ants
  10 adders
  3 oozes
  An adder skeleton (D:6)
  A dart slug (D:4)
  A giant gecko (D:3)
  15 orcs
  2 giant cockroaches
  11 goblins
  14 hobgoblins
  7 jackals
  4 kobolds
  2 quokkas
  3 ball pythons
  3 bats
  A giant gecko skeleton (D:4)
  11 giant newts
  15 rats
126 creatures vanquished.

Notes
Turn   | Place    | Note
--------------------------------------------------------------
     0 | D:1      | st0uf the Formicid Fighter began the quest for the Orb.
     0 | D:1      | Reached XP level 1. HP: 18/18 MP: 1/1
   163 | D:1      | Reached XP level 2. HP: 24/24 MP: 2/2
   311 | D:1      | Reached XP level 3. HP: 23/29 MP: 3/3
   890 | D:2      | Found a glowing golden altar of the Shining One.
   935 | D:2      | Found a stormy altar of Qazlal.
   961 | D:2      | Reached XP level 4. HP: 37/37 MP: 4/4
   962 | D:2      | Noticed Ijyb
   983 | D:2      | Killed Ijyb
   983 | D:2      | Reached skill level 3 in Axes
  1162 | D:2      | Reached skill level 1 in Dodging
  1388 | D:2      | Reached XP level 5. HP: 42/42 MP: 5/5
  1493 | D:2      | Noticed Sigmund
  1507 | D:2      | Killed Sigmund
  1507 | D:2      | Reached skill level 4 in Axes
  1507 | D:2      | Reached XP level 6. HP: 38/48 MP: 6/6
  1833 | D:3      | Found a glowing drain.
  1837 | Sewer    | Entered a sewer
  2269 | D:3      | Found an opulent altar of Gozag.
  2432 | D:3      | Found a shadowy altar of Dithmenos.
  2432 | D:3      | Found a radiant altar of Vehumet.
  2452 | D:3      | Reached XP level 7. HP: 52/55 MP: 7/7
  2991 | D:4      | Noticed Menkaure
  3020 | D:3      | Reached skill level 5 in Axes
  3217 | D:4      | Killed Menkaure
  3217 | D:4      | Reached skill level 5 in Armour
  3270 | D:4      | Reached XP level 8. HP: 60/61 MP: 8/8
  3908 | D:4      | Found a staircase to the Ecumenical Temple.
  3914 | Temple   | Entered the Ecumenical Temple
  4460 | D:5      | Entered Level 5 of the Dungeon
  4510 | D:5      | Found a hide-covered altar of Uskayaw.
  4517 | D:5      | Became a worshipper of Uskayaw the Reveler
  4525 | D:5      | Reached * piety under Uskayaw
  4666 | D:5      | Found an oddly glowing altar of Pakellas.
  4670 | D:5      | Reached ** piety under Uskayaw
  4671 | D:5      | Reached skill level 6 in Axes
  4674 | D:5      | Reached skill level 5 in Fighting
  5253 | D:5      | Reached skill level 5 in Shields
  5314 | D:6      | Noticed tstbtto's ghost (novice CeBe)
  5406 | D:5      | Mangled by an ogre

Vault maps used:
D:1:      grunt_arrival_crossed_arrows, minmay_misc_feat_cross
D:2:      lemuel_crystal_altar, lemuel_round_altar, first_bread,
          grunt_ministairs_3, uniq_iyjb, uniq_sigmund
D:3:      gammafunk_temple_overflow_wave, nicolae_gozag_seed_capital,
          gup_sewer_entry_bowl, kennysheep_potato
D:4:      minmay_temple_entry_overgrown, uniq_menkaure, uniq_crazy_yiuf_cottage
D:5:      nicolae_overflow_crystal_walls, grunt_pakellas_mercury
D:6:      minmay_flawed_box, overflow_temple_1_default,
          okawaru_ov_weapons_minmay
Temple:   circular_temple_12
Sewer:    sewer_co_cracked_pipes

Skill      XL: |  1  2  3  4  5  6  7  8 |
---------------+-------------------------+-----
Axes           | 3 4 5 6 |  6.3
Shields        | 4 5 |  5.0
Dodging        | 1 2 3 |  3.3
Fighting       | 4 5 |  5.2
Armour         | 4 5 |  5.5

Action                   |  1- 3 |  4- 6 |  7- 9 || total
-------------------------+-------+-------+-------++-------
Melee: War axe           |    82 |   144 |   200 ||   426
Invok: Stomp             |       |       |     1 ||     1
       Line Pass         |       |       |     1 ||     1
 Abil: Dig               |       |     3 |     4 ||     7
  Use: Potion            |       |     4 |       ||     4
       Scroll            |       |     3 |       ||     3
  Eat: Chunk             |       |     6 |    20 ||    26
Armor: Scale mail        |    36 |    47 |    70 ||   153
Dodge: Dodged            |    25 |    70 |    88 ||   183
Block: Shield            |    26 |       |       ||    26
       Buckler           |    11 |    35 |    59 ||   105
